A
VANCOUVER MOUNTIES @ KINGSVILLE KNIGHTS
06/01/2059
 
TOP OF THE 1ST
Vancouver Mounties batting - Pitching for Kingsville Knights : RHP Jerome Brown
Pitching: RHP Jerome Brown
Batting: RHB Julius Simpson 0-0: Called Strike
0-1: Swinging Strike
0-2: Ball
1-2: Ball
2-2: Ball
3-2: Ground out 6-3 (Groundball, 6S, EV 63.8 MPH)
Batting: SHB Brock Hutchins 0-0: Ball
1-0: Swinging Strike
1-1: Ground out 4-3 (Groundball, 4, EV 108.1 MPH)
Batting: LHB Romeo Nester 0-0: Ball
1-0: Swinging Strike
1-1: Foul Ball, location: 2F
1-2: Strikes out swinging
Top of the 1st over - 0 runs, 0 hits, 0 errors, 0 left on base; Vancouver 0 - Kingsville 0
BOTTOM OF THE 1ST
Kingsville Knights batting - Pitching for Vancouver Mounties : LHP Jeremy Jackson
Pitching: LHP Jeremy Jackson
Batting: RHB Brendan Woodman 0-0: Called Strike
0-1: Ball
1-1: Called Strike
1-2: Ball
2-2: Ball
3-2: Strikes out swinging
Batting: RHB Derell Machuca 0-0: Ball
1-0: Ground out 6-3 (Groundball, 6, EV 84.4 MPH)
Batting: RHB Wyatt Rivera 0-0: Foul Ball, location: 2F
0-1: Ball
1-1: Ball
2-1: Ground out 5-3 (Groundball, 56, EV 91.2 MPH)
Bottom of the 1st over - 0 runs, 0 hits, 0 errors, 0 left on base; Vancouver 0 - Kingsville 0
TOP OF THE 2ND
Vancouver Mounties batting - Pitching for Kingsville Knights : RHP Jerome Brown
Batting: RHB Nathan Vendel 0-0: Ball
1-0: Fly out, F9 (Flyball, 89S, EV 83.8 MPH)
Batting: RHB Kaleb Klein 0-0: Fly out, F6 (Popup, 6M, EV 57.5 MPH)
Batting: SHB Rashid Letsos 0-0: Swinging Strike
0-1: Ball
1-1: Swinging Strike
1-2: Foul Ball, location: 2F
1-2: Strikes out swinging
Top of the 2nd over - 0 runs, 0 hits, 0 errors, 0 left on base; Vancouver 0 - Kingsville 0
BOTTOM OF THE 2ND
Kingsville Knights batting - Pitching for Vancouver Mounties : LHP Jeremy Jackson
Batting: RHB Vincent Manning 0-0: Ball
1-0: Ball
2-0: Foul Ball, location: 2F
2-1: SINGLE (Flyball, 9LS, EV 83.1 MPH) - OUT at second base trying to stretch hit.
Batting: RHB Camden Price 0-0: Called Strike
0-1: Ball
1-1: Ball
2-1: Ball
3-1: Base on Balls
Batting: RHB Charleston Chesney 0-0: Foul Ball, location: 2F
0-1: SINGLE (Line Drive, 9S, EV 95.0 MPH)
Camden Price to second
Throwing error, E9
Camden Price scores
Charleston Chesney to second
Batting: LHB Teddy Burch 0-0: Ball
1-0: Fly out, F6 (Popup, 56D, EV 55.0 MPH)
Batting: RHB Elias Boulton 0-0: SINGLE (Flyball, 89M, EV 96.2 MPH)
Charleston Chesney to third
Runner from 3rd tries for Home, throw by RF and OUT! 9-2
Bottom of the 2nd over - 1 run, 3 hits, 1 error, 1 left on base; Vancouver 0 - Kingsville 1
TOP OF THE 3RD
Vancouver Mounties batting - Pitching for Kingsville Knights : RHP Jerome Brown
Batting: LHB Joey Carlson 0-0: Called Strike
0-1: Foul Ball, location: 2F
0-2: Strikes out swinging
Batting: RHB Mitchell Oyler 0-0: Called Strike
0-1: Fly out, F5 (Popup, 25F, EV 88.1 MPH)
Batting: RHB Brayan Wilford 0-0: Fly out, F8 (Flyball, 8LD, EV 70.0 MPH)
Top of the 3rd over - 0 runs, 0 hits, 0 errors, 0 left on base; Vancouver 0 - Kingsville 1
BOTTOM OF THE 3RD
Kingsville Knights batting - Pitching for Vancouver Mounties : LHP Jeremy Jackson
Batting: LHB Quincy Mobley 0-0: Called Strike
0-1: Foul Ball, location: 2F
0-2: SINGLE (Groundball, 6M, EV 102.5 MPH) (infield hit)
Batting: RHB Brendan Woodman 0-0: Fly out, F8 (Line Drive, 8RM, EV 103.1 MPH)
Batting: RHB Derell Machuca 0-0: Ball
1-0: Called Strike
1-1: Swinging Strike
1-2: Foul Ball, location: 2F
1-2: Ball
Wild Pitch!
Quincy Mobley to second
2-2: Ball
3-2: Strikes out swinging
Batting: RHB Wyatt Rivera 0-0: Called Strike
0-1: Called Strike
0-2: Ball
1-2: Ball
2-2: Ball
3-2: Base on Balls
Batting: RHB Vincent Manning 0-0: Ball
1-0: Called Strike
1-1: Fly out, F7 (Flyball, 78S, EV 74.4 MPH)
Bottom of the 3rd over - 0 runs, 1 hit, 0 errors, 2 left on base; Vancouver 0 - Kingsville 1
TOP OF THE 4TH
Vancouver Mounties batting - Pitching for Kingsville Knights : RHP Jerome Brown
Batting: RHB Julius Simpson 0-0: Foul Ball, location: 2F
0-1: Ground out 5-3 (Groundball, 5, EV 84.4 MPH)
Batting: SHB Brock Hutchins 0-0: Ball
1-0: Ball
2-0: Swinging Strike
2-1: Foul Ball, location: 2F
2-2: Reached on error, E5 (Groundball, 56, EV 91.2 MPH)
Batting: LHB Romeo Nester 0-0: Called Strike
0-1: Foul Ball, location: 2F
0-2: Ball
1-2: Strikes out looking
Batting: RHB Nathan Vendel 0-0: Called Strike
0-1: Foul Ball, location: 2F
0-2: Strikes out looking
Top of the 4th over - 0 runs, 0 hits, 1 error, 1 left on base; Vancouver 0 - Kingsville 1
BOTTOM OF THE 4TH
Kingsville Knights batting - Pitching for Vancouver Mounties : LHP Jeremy Jackson
Batting: RHB Camden Price 0-0: Ground out 6-3 (Groundball, 6, EV 107.5 MPH)
Batting: RHB Charleston Chesney 0-0: Ball
1-0: SINGLE (Groundball, 34D, EV 106.2 MPH)
Batting: LHB Teddy Burch 0-0: Ball
1-0: Called Strike
1-1: Fielders Choice at 2nd, 4-6 (Groundball, 34S, EV 83.1 MPH)
Batting: RHB Elias Boulton 0-0: Called Strike
0-1: Ball
1-1: Ball
2-1: Ball
3-1: Base on Balls
Teddy Burch to second
Batting: LHB Quincy Mobley 0-0: Called Strike
0-1: 3-RUN HOME RUN (Flyball, 89XD, EV 115.6 MPH), Distance : 424 ft
Batting: RHB Brendan Woodman 0-0: Called Strike
0-1: Swinging Strike
0-2: Strikes out swinging
Bottom of the 4th over - 3 runs, 2 hits, 0 errors, 0 left on base; Vancouver 0 - Kingsville 4
TOP OF THE 5TH
Vancouver Mounties batting - Pitching for Kingsville Knights : RHP Jerome Brown
Batting: RHB Kaleb Klein 0-0: Ball
1-0: Ground out 4-3 (Groundball, 4, EV 105.0 MPH)
Batting: SHB Rashid Letsos 0-0: Fly out, F9 (Flyball, 89M, EV 90.6 MPH)
Batting: LHB Joey Carlson 0-0: Ball
1-0: Foul Ball, location: 2F
1-1: Called Strike
1-2: Foul Ball, location: 2F
1-2: Ball
2-2: Foul Ball, location: 2F
2-2: Foul Ball, location: 2F
2-2: Ball
3-2: Foul Ball, location: 2F
3-2: Foul Ball, location: 2F
3-2: Ground out 6-3 (Groundball, 6, EV 85.6 MPH)
Top of the 5th over - 0 runs, 0 hits, 0 errors, 0 left on base; Vancouver 0 - Kingsville 4
BOTTOM OF THE 5TH
Kingsville Knights batting - Pitching for Vancouver Mounties : LHP Jeremy Jackson
Batting: RHB Derell Machuca 0-0: Swinging Strike
0-1: Fly out, F8 (Flyball, 8LD, EV 93.8 MPH)
Batting: RHB Wyatt Rivera 0-0: Ball
1-0: Ball
2-0: Called Strike
2-1: Ball
3-1: Base on Balls
Batting: RHB Vincent Manning 0-0: Fly out, F8 (Flyball, 8LXD, EV 96.2 MPH)
Batting: RHB Camden Price 0-0: Called Strike
0-1: Called Strike
0-2: Ball
Wyatt Rivera is caught stealing 2nd base 2-4
Bottom of the 5th over - 0 runs, 0 hits, 0 errors, 0 left on base; Vancouver 0 - Kingsville 4
TOP OF THE 6TH
Vancouver Mounties batting - Pitching for Kingsville Knights : RHP Jerome Brown
Batting: RHB Mitchell Oyler 0-0: SINGLE (Line Drive, 8RS, EV 105.0 MPH)
Batting: RHB Brayan Wilford 0-0: Ball
1-0: Ball
2-0: Called Strike
2-1: Foul Ball, location: 2F
2-2: Reached on error, E5 (Groundball, 56, EV 100.6 MPH)
Mitchell Oyler to second
Batting: RHB Julius Simpson 0-0: Called Strike
0-1: Ball
1-1: Ball
2-1: Foul Ball, location: 2F
2-2: Foul Ball, location: 2F
2-2: Ball
3-2: Base on Balls
Mitchell Oyler to third
Brayan Wilford to second
Batting: SHB Brock Hutchins 0-0: Ball
1-0: SINGLE (Groundball, 4MD, EV 106.2 MPH)
Mitchell Oyler scores
Brayan Wilford to third
Julius Simpson to second
Batting: LHB Romeo Nester 0-0: Foul Ball, location: 2F
0-1: Foul Ball, location: 2F
0-2: Ball
1-2: Strikes out swinging
Batting: RHB Nathan Vendel 0-0: Ball
1-0: Ball
2-0: Fly out, F6 (Line Drive, 6, EV 70.0 MPH)
Batting: RHB Kaleb Klein 0-0: Fly out, F8 (Flyball, 8RS, EV 75.6 MPH)
Top of the 6th over - 1 run, 2 hits, 1 error, 3 left on base; Vancouver 1 - Kingsville 4
BOTTOM OF THE 6TH
Kingsville Knights batting - Pitching for Vancouver Mounties : LHP Jeremy Jackson
Batting: RHB Camden Price 0-0: Foul Ball, location: 2F
0-1: Ball
1-1: Ball
2-1: Foul Ball, location: 2F
2-2: Foul Ball, location: 2F
2-2: SOLO HOME RUN (Flyball, 7D, EV 96.9 MPH), Distance : 357 ft
Batting: RHB Charleston Chesney 0-0: Ball
1-0: Foul Ball, location: 2F
1-1: Ball
2-1: Foul Ball, location: 2F
2-2: Ball
3-2: Fly out, F8 (Flyball, 8LD, EV 101.2 MPH)
Batting: LHB Teddy Burch 0-0: Called Strike
0-1: Ground out 6-3 (Groundball, 6, EV 102.5 MPH)
Batting: RHB Elias Boulton 0-0: SINGLE (Line Drive, 7S, EV 89.4 MPH)
Batting: LHB Quincy Mobley 0-0: Called Strike
0-1: Ball
1-1: Swinging Strike
1-2: Strikes out swinging
Bottom of the 6th over - 1 run, 2 hits, 0 errors, 1 left on base; Vancouver 1 - Kingsville 5
TOP OF THE 7TH
Vancouver Mounties batting - Pitching for Kingsville Knights : RHP Jerome Brown
Batting: SHB Rashid Letsos 0-0: Ball
1-0: Fly out, F9 (Line Drive, 89M, EV 89.4 MPH)
Batting: LHB Joey Carlson 0-0: Ball
1-0: Called Strike
1-1: Foul Ball, location: 2F
1-2: SINGLE (Flyball, 89M, EV 97.5 MPH)
Batting: RHB Mitchell Oyler 0-0: Foul Ball, location: 2F
0-1: Ball
1-1: Called Strike
Joey Carlson is caught stealing 2nd base 2-4
1-2: Ball
2-2: Ball
3-2: Foul Ball, location: 2F
3-2: Foul Ball, location: 2F
3-2: SINGLE (Groundball, 23, EV 74.4 MPH) (infield hit)
Batting: RHB Brayan Wilford 0-0: Ball
1-0: Ball
2-0: Called Strike
Mitchell Oyler steals 2nd, throwing error, E2
Mitchell Oyler to third
2-1: Ball
3-1: Fly out, F7 (Flyball, 78S, EV 90.6 MPH)
Top of the 7th over - 0 runs, 2 hits, 1 error, 1 left on base; Vancouver 1 - Kingsville 5
BOTTOM OF THE 7TH
Kingsville Knights batting - Pitching for Vancouver Mounties : LHP Jeremy Jackson
Batting: RHB Brendan Woodman 0-0: Ball
1-0: Called Strike
1-1: Ball
2-1: Ground out 6-3 (Groundball, 56, EV 86.2 MPH)
Batting: RHB Derell Machuca 0-0: SINGLE (Line Drive, 8RS, EV 105.6 MPH)
Batting: RHB Wyatt Rivera 0-0: Called Strike
0-1: Hit by Pitch
Derell Machuca to second
Batting: RHB Vincent Manning 0-0: Ball
1-0: Ball
2-0: Grounds into double play, 4-6-3 (Groundball, 4MD, EV 104.4 MPH)
Bottom of the 7th over - 0 runs, 1 hit, 0 errors, 1 left on base; Vancouver 1 - Kingsville 5
TOP OF THE 8TH
Vancouver Mounties batting - Pitching for Kingsville Knights : RHP Jerome Brown
Batting: RHB Julius Simpson 0-0: Fly out, F8 (Flyball, 8LM, EV 92.5 MPH)
Batting: SHB Brock Hutchins 0-0: Ball
1-0: Ball
2-0: Called Strike
2-1: Ball
3-1: Called Strike
3-2: Strikes out swinging
Batting: LHB Romeo Nester 0-0: Ball
1-0: Ball
2-0: Fly out, F8 (Line Drive, 78M, EV 89.4 MPH)
Top of the 8th over - 0 runs, 0 hits, 0 errors, 0 left on base; Vancouver 1 - Kingsville 5
BOTTOM OF THE 8TH
Kingsville Knights batting - Pitching for Vancouver Mounties : LHP Jeremy Jackson
Pitching: RHP John Banks
Batting: RHB Camden Price 0-0: SINGLE (Line Drive, 78S, EV 96.9 MPH)
Batting: RHB Charleston Chesney 0-0: Ball
1-0: Ball
2-0: Fly out, F9 (Flyball, 89S, EV 93.1 MPH)
Batting: LHB Teddy Burch 0-0: Fielders Choice at 2nd, 4-6 (Groundball, 4M, EV 80.0 MPH)
Batting: RHB Elias Boulton 0-0: 2-RUN HOME RUN (Flyball, 78XD, EV 98.8 MPH), Distance : 376 ft
Batting: LHB Quincy Mobley 0-0: Ball
1-0: Called Strike
1-1: Foul Ball, location: 2F
1-2: Fly out, F8 (Flyball, 8LD, EV 105.6 MPH)
Bottom of the 8th over - 2 runs, 2 hits, 0 errors, 0 left on base; Vancouver 1 - Kingsville 7
TOP OF THE 9TH
Vancouver Mounties batting - Pitching for Kingsville Knights : RHP Jerome Brown
Pitching: LHP Vince Smith
Batting: RHB Nathan Vendel 0-0: Ball
1-0: Ball
2-0: Swinging Strike
2-1: Swinging Strike
2-2: Strikes out swinging
Batting: RHB Kaleb Klein 0-0: Ball
1-0: Ball
2-0: Swinging Strike
2-1: Foul Ball, location: 2F
2-2: Strikes out swinging
Batting: SHB Rashid Letsos 0-0: Ball
1-0: Swinging Strike
1-1: Ball
2-1: SINGLE (Line Drive, 56D, EV 94.4 MPH)
Batting: LHB Joey Carlson 0-0: Called Strike
0-1: Fly out, F5 (Popup, 5, EV 68.1 MPH)
Top of the 9th over - 0 runs, 1 hit, 0 errors, 1 left on base; Vancouver 1 - Kingsville 7
Friday, March 1st , 2024 - OOTP Baseball 23.10 Build 110